 Dungeon Crawl Stone Soup version 0.32-a0-460-gc8eefc90e7 (webtiles) character file.

Game seed: 7388120524963766431

191 Kenran the Trooper (level 5, -5/72 HPs)
             Began as a Minotaur Hedge Wizard on Feb 24, 2024.
             Incinerated by a bombardier beetle (6 damage)
             ... with a burning spray
             ... on level 4 of the Dungeon.
             The game lasted 00:04:30 (3129 turns).

Kenran the Trooper (Minotaur Hedge Wizard)          Turns: 3129, Time: 00:04:31

Health: -5/72      AC: 22    Str: 14    XL:     5   Next: 42%
Magic:  7/7        EV:  2    Int: 11    God:
Gold:   155        SH:  0    Dex: 12    Spells: 7/8 levels left

rFire   . . .        b - +4 falchion
rCold   . . .        (no shield)
rNeg    . . .        e - melded +0 ring mail
rPois   +            c - melded +0 hat
rElec   .            (cloak currently unavailable)
rCorr   +            (gloves currently unavailable)
SInv    .            (boots currently unavailable)
Will    .....        (no amulet)
Stlth   +            k - ring of resist corrosion
HPRegen 0.32/turn    (no ring)
MPRegen 0.10/turn

%: no passive effects
@: mighty, brilliant, on fire, tree-form, glowing
A: stationary, stasis, torment immunity, boosted hp, (horns 2), (retaliatory
headbutt)
a: no special abilities


You were on level 4 of the Dungeon.
You were a tree.
You visited 1 branch of the dungeon, and saw 4 of its levels.

You collected 155 gold pieces.

Inventory:

Hand Weapons
 b - a +4 falchion (weapon)
Armour
 c - a +0 hat (melded)
 e - a +0 ring mail (melded)
Jewellery
 k - a ring of resist corrosion (left branch)
Scrolls
 g - a scroll of vulnerability {unknown}
 h - a scroll of amnesia {unknown}
 i - a scroll of teleportation {unknown}
 m - a scroll of poison {!r}
Potions
 d - a potion of magic


   Skills:
 - Level 5.0 Fighting
 + Level 3.6 Long Blades
 - Level 2.1 Dodging
 - Level 1.5 Stealth
 - Level 2.1 Spellcasting
 - Level 0.6 Conjurations
 - Level 0.6 Summonings
 - Level 0.6 Translocations


You had 7 spell levels left.
You knew the following spells:

 Your Spells              Type           Power      Damage    Failure   Level
a - Magic Dart            Conj           12%        1d3       22%         1

Your spell library contained the following spells:

 Spells                   Type           Power      Damage    Failure   Level
 Slow                     Hex            4%         N/A       28%         1
 Blink                    Tloc           6%         N/A       34%         2
 Call Imp                 Summ           6%         N/A       34%         2
 Cigotuvi's Dreadful Rot  Necr/Alch/Air  2%         N/A       41%         2
 Mercury Vapours          Alch/Air       2%         N/A       41%         2
 Mephitic Cloud           Conj/Alch/Air  2%         N/A       63%         3
 Freezing Cloud           Conj/Ice/Air   1%         6-21      100%        5


Dungeon Overview and Level Annotations

Branches:
Dungeon (4/15)
 Temple: D:4-7

Altars:
Cheibriados
Fedhas


Innate Abilities, Weirdness & Mutations

You are a tree.
Your roots penetrate the ground, keeping you stationary.
You cannot be teleported.
You are immune to unholy pain and torment.
Your maximum health is greatly increased.
Your equipment is partially melded.
((You have a pair of horns on your head.))
((You reflexively headbutt those who attack you in melee.))


Message History

You kill the gnoll!
The gnoll hits you but does no damage.
You swing at nothing.
The bombardier beetle sprays incendiary fluid at you.
The burning spray hits you.
You are covered in liquid fire!
The gnoll hits you from afar with a +0 halberd.
You swing at nothing.
The liquid fire burns you!
The gnoll hits you from afar with a +0 halberd!
You swing at nothing.
The liquid fire burns you!
* * * LOW HITPOINT WARNING * * *
The gnoll hits you but does no damage.
Okay, then.
Okay, then.
Okay, then.
You swing at nothing.
The liquid fire burns you!
* * * LOW HITPOINT WARNING * * *
The gnoll hits you but does no damage.
You swing at nothing.
The liquid fire burns you!
* * * LOW HITPOINT WARNING * * *
The gnoll hits you but does no damage.
You swing at nothing.
The liquid fire burns you!
* * * LOW HITPOINT WARNING * * *
The gnoll hits you but does no damage. The gnoll barely misses you.
The liquid fire burns you!
* * * LOW HITPOINT WARNING * * *
The bombardier beetle sprays incendiary fluid at you.
The burning spray hits you.
You are even more covered in liquid fire!
The gnoll hits you but does no damage. The liquid fire burns you!
* * * LOW HITPOINT WARNING * * *
The gnoll hits you but does no damage. The liquid fire burns you!
You die...

#(......#+# ..#
#.....○.#°# ..#
#......○#○###..###
#......○.○.....☼..
+.......☼.☼○..○.#
#.....°..○...#..#
#.....☼.○....#○○#####
##.....○○..°B))..○...○
#........○..g○♣○#.###
###.........°...○.#
...........☼°.○)..#
..........☼.☼.☼.#.#
.........○.....☼+°.
..#........☼....#)##
..######+#.☼☼.....°
### #○..○○. ☼° ...


You could see a bombardier beetle and a gnoll.

Vanquished Creatures
  A bombardier beetle (D:3)
  A sleepcap (D:4)
  2 gnolls (D:4)
  4 adders
  A ribbon worm (D:2)
  A dart slug (D:1)
  6 orcs (D:3)
  4 ball pythons
  7 endoplasms
  A giant cockroach (D:1)
  8 goblins
  6 hobgoblins
  4 jackals (D:2)
  5 quokkas
  A bat (D:2)
  3 frilled lizards
  4 kobolds
  5 rats
64 creatures vanquished.

Notes
Turn   | Place    | Note
-------+----------+-------------------------------------------
     0 | D:1      | Kenran the Minotaur Hedge Wizard began the quest for the
                  | Orb.
     0 | D:1      | Reached XP level 1. HP: 14/14 MP: 2/2
    86 | D:1      | Reached skill level 1 in Fighting
   261 | D:1      | Reached skill level 2 in Fighting
   271 | D:1      | Reached XP level 2. HP: 16/24 MP: 4/4
   814 | D:1      | Reached skill level 3 in Fighting
  1128 | D:2      | Reached XP level 3. HP: 31/31 MP: 5/5
  1240 | D:2      | Reached skill level 4 in Fighting
  1951 | D:3      | Reached XP level 4. HP: 41/41 MP: 6/6
  2180 | D:3      | Reached skill level 5 in Fighting
  2180 | D:3      | Reached skill level 1 in Long Blades
  2320 | D:3      | Found a snail-covered altar of Cheibriados.
  2828 | D:3      | Reached XP level 5. HP: 30/48 MP: 7/7
  3046 | D:4      | Found a blossoming altar of Fedhas.
  3128 | D:4      | HP: 1/72 [burnt (4)]
  3129 | D:4      | Incinerated by a bombardier beetle

Illustrated notes

Levels and vault maps discovered:
D:1:      lemuel_arrival_lava_pool, layout_loops_ring
D:2:      layout_basic
D:3:      minmay_skewed_foursquare, layout_loops_corners, old_standard_altar,
          st_stairs_10, hangedman_decor_slide_cut, supply_closet_lemuel
D:4:      layout_basic, mainiacjoe_overflow_six_doors_small

Skill      XL: |  1  2  3  4  5 |
---------------+----------------+-----
Fighting       | 2 3 4 5 |  5.0
Long Blades    | 2 3 |  3.6
Dodging        | |  2.1
Stealth        | |  1.5
Spellcasting   | |  2.1
Conjurations   | |  0.6
Summonings     | |  0.6
Translocations | |  0.6

Action                     |  1- 3 |  4- 6 || total
---------------------------+-------+-------++-------
  Melee: Dagger            |   143 |     2 ||   145
         Headbutt          |    24 |    10 ||    34
         Long sword        |       |    37 ||    37
         Flail             |       |     4 ||     4
         Falchion          |       |    15 ||    15
    Use: Potion            |       |     4 ||     4
         Scroll            |       |     1 ||     1
 Armour: Ring mail         |    85 |    48 ||   133
         Skin              |       |    18 ||    18
  Dodge: Dodged            |    63 |    37 ||   100

Table legend: (Time is in decaauts)
 A = Elapsed time spent in this place.
 B = Non-inter-level travel time spent in this place.
 C = Inter-level travel time spent in this place.
 D = Time resting spent in this place.
 E = Time spent auto-exploring this place.
 F = Levels seen in this place.
 G = Mean time per level.
                   A        B        C        D        E       F      G
               +--------+--------+--------+--------+--------+-----+--------+
         Total |   3143 |   3049 |     94 |    409 |   2042 |   4 |  785.8 |
       Dungeon |   3143 |   3049 |     94 |    409 |   2042 |   4 |  785.8 |
               +--------+--------+--------+--------+--------+-----+--------+

Top non-repeatable levels by time:
     D:3: 1179 daAuts
     D:1: 972 daAuts
     D:2: 880 daAuts
     D:4: 112 daAuts
